 Dungeon Crawl Stone Soup version bcrawl-1.41.1 (webtiles) character file.

Game seed: 143681117187171431

420820 Artagas the Severer (level 13, -3/110 HPs)
             Began as a Demigod Monk on Apr 15, 2024.
             Slain by an orc knight
             ... wielding a +0 trident
              (11 damage)
             ... in a bailey.
             The game lasted 00:45:11 (18372 turns).

Artagas the Severer (Demigod Monk)                 Turns: 18372, Time: 00:45:12

Health: -3/110     AC: 20    Str: 30    XL:     13   Next: 79%
Magic:  27/31      EV: 19    Int:  9    God:    Demigod [*****.]
Gold:   903        SH:  9    Dex: 24    Spells: 12/12 levels left

rFire    + . .     GDR:     40% a - +8 war axe of Grontol {venom, rPois MP+9 Str+4 Int-5}
rCold    . . .     SeeInvis .   (no shield)
rNeg     . . .     Gourm    +   S - +2 plate armour {rF+}
rPois    +         Faith    .   E - +0 helmet
rElec    .         Spirit   .   k - +0 cloak
rCorr    .         Reflect  .   j - +0 pair of gloves
MR       ++...                  (no boots)
Stlth    +.........             y - amulet of the gourmand
HPRegen  0.28/turn              m - ring of protection from magic
MPRegen  0.22/turn              l - +3 ring of strength

@: agile, divine shield, heroism, hasted, very quick
A: high mp 1
a: Temporal Distortion, Growth, Major Destruction, Heroism, Divine Shield


You were in a bailey.
You worshipped Demigod.
Demigod was extremely pleased with you.
You were completely stuffed.

You visited 2 branches of the dungeon, and saw 16 of its levels.
You also visited: Bailey.

You collected 1494 gold pieces.
You spent 591 gold pieces at shops.

Inventory:

Hand Weapons
 a - the +8 war axe of Grontol (weapon) {venom, rPois MP+9 Str+4 Int-5}
   (You found it on level 8 of the Dungeon)

   It poisons the flesh of those it strikes.
   It affects your strength (+4).
   It affects your intelligence (-5).
   It protects you from poison.
   It affects your magic capacity (+9).
 b - a +3 dire flail of crushing
   (You took it off a wight on level 7 of the Dungeon)
Missiles
 u - 64 poisoned tomahawks (quivered)
 C - 5 throwing nets {=f}
Armour
 j - a +0 pair of gloves (worn)
   (You found it on level 1 of the Dungeon)
 k - a +0 cloak (worn)
   (You found it on level 3 of the Dungeon)
 D - a +0 medium shield
   (You took it off Harold on level 2 of the Lair of Beasts)
 E - a +0 helmet (worn)
   (You found it on level 1 of the Dungeon)
 S - a +2 plate armour of fire resistance (worn)
   (You took it off an orc warrior on level 8 of the Dungeon)
Jewellery
 c - an uncursed ring of protection from cold
   (You found it on level 2 of the Dungeon)
 l - a +3 ring of strength (right hand)
   (You found it on level 1 of the Dungeon)
 m - a ring of protection from magic (left hand)
   (You found it on level 2 of the Dungeon)
 p - an uncursed amulet of rage {unknown}
   (You found it on level 6 of the Lair of Beasts)
 y - an amulet of the gourmand (around neck)
   (You found it on level 3 of the Dungeon)
 H - an uncursed ring of ice
   (You found it on level 5 of the Dungeon)
 Q - the ring of Tecwuamo {Fire *Drain rElec Str+3}
   (You found it on level 5 of the Lair of Beasts)

   [ring of fire]

   It enhances your fire magic.
   It affects your strength (+3).
   It protects you from fire.
   It makes you vulnerable to cold.
   It insulates you from electricity.
   It causes draining when unequipped.
 V - an uncursed amulet of the acrobat
   (You found it on level 1 of the Dungeon)
 W - an uncursed ring of insulation
   (You took it off an orc on level 8 of the Dungeon)
Wands
 G - a wand of acid (15)
   (You found it on level 5 of the Dungeon)
 L - a wand of disintegration (7)
   (You found it on level 7 of the Dungeon)
 O - a wand of paralysis (14)
   (You found it on level 6 of the Dungeon)
 R - a wand of polymorph (9)
   (You found it on level 7 of the Dungeon)
 T - a wand of iceblast (16)
   (You found it on level 7 of the Dungeon)
Scrolls
 f - 3 scrolls of revelation
 r - a scroll of acquirement {unknown}
 t - 9 scrolls of teleportation
 v - 4 scrolls of remove curse
 A - a scroll of enchant weapon
 B - 4 scrolls of amnesia
 F - a scroll of noise
 I - a scroll of fog
 M - a scroll of summoning
 P - 2 scrolls of immolation
 U - a scroll of vulnerability
 X - a scroll of torment {unknown}
Potions
 d - 3 potions of might
 g - 2 potions of lignification
 h - 3 potions of haste
 n - a potion of resistance
 o - 3 potions of invisibility
 q - 10 potions of curing
 s - 2 potions of agility
 w - 4 potions of heal wounds
 x - 3 potions of flight
 z - 4 potions of brilliance
 J - 3 potions of berserk rage
 K - a potion of ambrosia
 N - 2 potions of mutation
 Y - a potion of magic
Comestibles
 e - 21 rations {!d}
 i - 10 chunks of flesh


   Skills:
 * Level 8.8(13.8) Fighting
 - Level 15.8(21.6) Axes
 - Level 9.0(18.4) Maces & Flails
 - Level 4.0(9.0) Throwing
 + Level 4.2(9.2) Armour
 - Level 2.6(7.6) Dodging
 - Level 2.0(7.0) Stealth
 + Level 0.8(5.8) Shields
 + Level 7.3 Invocations
 - Level 4.0 Evocations


You had 12 spell levels left.
You didn't know any spells.
Your spell library contained the following spells:

 Spells                   Type           Power        Failure   Level  Hunger
 Necrotize                Necr           #.....       97%         1    None
 Vampiric Draining        Necr           #.........   100%        3    #####..
 Agony                    Necr           #.......     100%        4    ######.
 Animate Dead             Necr           N/A          100%        4    ######.
 Bolt of Magma            Conj/Fire/Erth #.........   100%        5    #######
 Dispel Undead            Necr           #.......     100%        5    #######
 Fireball                 Conj/Fire      #.........   100%        5    #######
 Freezing Cloud           Ice/Air        #.......     100%        5    #######
 Metabolic Englaciation   Hex/Ice        #.........   100%        5    #######
 Steam Barrier            Chrm/Fire      #.........   100%        5    #######
 Bolt of Cold             Conj/Ice       #.........   100%        6    #######
 Bolt of Fire             Conj/Fire      #.........   100%        6    #######
 Ozocubu's Refrigeration  Ice            #.........   100%        6    #######
 Simulacrum               Ice/Necr       #.......     100%        6    #######
 Ignition                 Hex/Fire       #.........   100%        8    #######


Dungeon Overview and Level Annotations

Branches:
Dungeon (10/12)              Lair (6/6) D:9          Shoals (0/3) Lair:2
  Snake (0/3) Lair:3          Orc (0/1) D:8
 Temple: D:4-7          Elf: Lair:5-6    Forest: Lair:5-6

Shops:
D:7 !!=

Annotations:
D:4 Menkaure
Lair:3 exclusion: 4 oklob plants


Innate Abilities, Weirdness & Mutations

You have an increased reservoir of magic. (+10% MP)


Message History

Your kill strengthens your divinity.
The fiery explosion engulfs the orc warrior!!
The orc warrior is almost dead.
Your kill strengthens your divinity.
You hear a shout!
The orc warrior is engulfed in blazing flames.
You kill the orc warrior!
Your kill strengthens your divinity.
The orc knight is engulfed in blazing flames.
Evoke which item? (* to show all) (? for menu, Esc to quit)
Aiming: Disintegrate
Press: ? - help, Shift-Dir - straight line, f - orc
Aim: an orc, wielding a +0 halberd (chance to defeat MR: 90%)
The orc barely resists.
The orc knight is engulfed in blazing flames.
Evoke which item? (* to show all) (? for menu, Esc to quit)
Aiming: Disintegrate
Press: ? - help, Shift-Dir - straight line, f/p - orc
Aim: an orc, wielding a +0 halberd (chance to defeat MR: 90%)
The orc is blasted!!
The orc explodes!
The fiery explosion engulfs the orc!!
You kill the orc!
Your kill strengthens your divinity. x2
The orc knight is engulfed in blazing flames.
The orc knight barely misses you.
The orc knight hits you from afar with a +0 trident.
Some of the chunks of flesh in your inventory have rotted away.
You gain the combat prowess of a mighty hero.
The orc knight roars a battlecry!
The orcs go into a battle-frenzy!
The orc warrior hits you with a +0 glaive!!
The orc knight closely misses you. A divine shield forms around you!
You feel slightly less full.
The orc knight is engulfed in blazing flames.
The orc knight hits you from afar with a +0 trident!
The orc warrior hits you with a +0 glaive!
The orc knight hits you from afar with a +0 trident!
Evoke which item? (* to show all) (? for menu, Esc to quit)
Aiming: Paralyse
Press: ? - help, Shift-Dir - straight line, f - orc knight
Aim: an orc knight, wielding a +0 trident and wearing a +0 chain mail (flame, lightly wounded, chance to defeat MR: 41%)
Okay, then.
You feel agile all of a sudden.
s - 2 potions of agility;
C - 5 throwing nets {=f} The orc knight is engulfed in blazing flames.
The orc knight closely misses you.
Throwing (i - inventory. (/) - cycle)
u - 66 poisoned tomahawks (quivered)
Press: ? - help, Shift-Dir - straight line, f - orc knight
Aim: an orc knight, wielding a +0 trident and wearing a +0 chain mail (flame, moderately wounded)
You throw a poisoned tomahawk.
The poisoned tomahawk barely misses the orc knight.
The poisoned tomahawk hits the orc warrior!
The orc warrior is poisoned.
The orc warrior is heavily wounded.
The orc knight hits you from afar with a +0 trident!
The orc warrior closely misses you.
An orc knight comes into view. It is wielding a +0 glaive.
The orc knight is engulfed in blazing flames.
The orc knight roars a battlecry!
The orc knight goes into a battle-frenzy!
Throwing (i - inventory. (/) - cycle)
u - 65 poisoned tomahawks (quivered)
Press: ? - help, Shift-Dir - straight line, f/p - orc knight
Aim: an orc knight, wielding a +0 trident and wearing a +0 chain mail (flame, moderately wounded)
You throw a poisoned tomahawk.
The poisoned tomahawk hits the orc knight!!
The orc knight is poisoned.
The orc knight is heavily wounded.
The orc knight roars a battlecry!
The orc knight goes into a battle-frenzy!
You block the orc warrior's attack.
The orc knight is engulfed in blazing flames.
The orc knight hits you from afar with a +0 trident!!
* * * LOW HITPOINT WARNING * * *
Okay, then.
Okay, then.
Okay, then.
Okay, then.
You feel much better.
You kill the orc warrior!
Your kill strengthens your divinity.
The orc knight is engulfed in blazing flames.
The orc warrior barely misses you.
The orc knight hits you but does no damage.
The orc knight is engulfed in blazing flames. x2
The orc knight hits you from afar with a +0 trident!!
* * * LOW HITPOINT WARNING * * *
You feel much better.
The orc warrior hits you with a +0 glaive!
* * * LOW HITPOINT WARNING * * *
You block the orc knight's attack.
The orc knight is engulfed in blazing flames.
You feel yourself speed up.
The orc knight is engulfed in blazing flames.
The orc knight hits you from afar with a +0 trident!!
* * * LOW HITPOINT WARNING * * *
The orc knight is engulfed in blazing flames.
The orc knight hits you from afar with a +0 trident!
You die...
Your divinity fades.

###### #######
#.....#########.....##
......o#o....#...)...#####
...§§)oo.@%..'..)))..#....
....)§☼o°....'..)))..'....
...°○○°§.....'...))).#....
....%..#.....#.......#####
#.%...#########.....##
###### #######


You could see 3 orc knights, an orc warrior and an orc.

Vanquished Creatures
  Gastronok (Lair:3)
  Fannar (Lair:1)
  4 hydras
  Harold (Lair:2)
  A catoblepas (Lair:2)
  A death yak (Lair:5)
  Sonja (Lair:5)
  A centaur warrior (D:10)
  3 oklob plants (Lair:6)
  An ugly thing (D:10)
  5 elephants (Lair:3)
  3 black mambas
  Joseph (D:9)
  A torpor snail (Lair:2)
  A gargoyle (D:9)
  6 cane toads
  4 rime drakes (Lair:2)
  A merfolk (Lair:4)
  5 komodo dragons
  A harpy skeleton (D:10)
  3 trolls
  3 dream sheep (Lair:6)
  9 hippogriffs
  A hornet (D:6)
  10 blink frogs
  Grum (Lair:3)
  5 basilisks (Lair:2)
  11 wyverns
  35 yaks
  4 hungry ghosts
  6 crocodiles
  4 nagas (Lair:3)
  9 water moccasins
  A floating eye (Lair:6)
  5 porcupines
  3 sky beasts
  2 ice beasts
  2 phantoms (D:9)
  14 orc warriors
  A black bear (D:9)
  10 wolves
  9 bullfrogs
  3 kobold brigands
  A wyvern zombie (D:8)
  2 centaurs
  6 scorpions
  6 killer bees (D:7)
  6 wights
  4 howler monkeys
  3 vampire bats (D:7)
  8 orc priests
  7 crimson imps
  2 bullfrog zombies
  3 hounds
  3 jellies
  15 orc wizards
  Crazy Yiuf (D:3)
  6 worker ants
  A hound zombie (D:7)
  2 hound skeletons
  A worker ant zombie (D:7)
  2 gnolls
  8 adders
  3 oozes
  2 adder skeletons
  7 worms
  3 dart slugs
  4 leopard geckos
  76 orcs
  4 bats
  2 bat skeletons (D:7)
  3 bat zombies (D:7)
  4 giant cockroaches
  7 goblins
  11 hobgoblins
  4 jackals (D:3)
  8 quokkas
  2 ball pythons (D:1)
  3 frilled lizards
  19 kobolds
  A quokka skeleton (D:6)
  3 rats
  4 fungi
  A plant (Lair:1)
452 creatures vanquished.

Vanquished Creatures (others)
  A fungus (Lair:3)
  11 plants
12 creatures vanquished.

Grand Total: 464 creatures vanquished

Notes
Turn   | Place    | Note
-------+----------+-------------------------------------------
     0 | D:1      | Artagas the Demigod Monk began the quest for the Orb.
     0 | D:1      | Reached XP level 1. HP: 18/18 MP: 5/5
   114 | D:1      | Reached skill level 3 in Fighting
   114 | D:1      | Reached skill level 3 in Maces & Flails
   163 | D:1      | Reached XP level 2. HP: 26/26 MP: 6/6
  1032 | D:2      | Reached XP level 3. HP: 28/31 MP: 7/7
  1546 | D:3      | Reached skill level 1 in Throwing
  1565 | D:3      | Reached XP level 4. HP: 38/38 MP: 8/8
  1625 | D:3      | Reached *** piety under Demigod
  2379 | D:3      | Noticed an ice beast
  2386 | D:3      | Reached XP level 5. HP: 46/46 MP: 9/9
  2397 | D:3      | Killed an ice beast
  2398 | D:3      | Reached skill level 4 in Fighting
  2398 | D:3      | Reached skill level 4 in Maces & Flails
  2398 | D:3      | Reached skill level 2 in Throwing
  2398 | D:3      | Reached skill level 3 in Invocations
  2586 | D:3      | Found a runed door.
  2748 | D:3      | Reached XP level 6. HP: 47/52 MP: 11/11
  3197 | D:3      | Noticed Crazy Yiuf
  3210 | D:3      | Killed Crazy Yiuf
  3211 | D:3      | Reached skill level 4 in Invocations
  3637 | D:4      | Noticed Menkaure
  3813 | D:4      | Reached skill level 3 in Throwing
  3957 | D:5      | Entered Level 5 of the Dungeon
  3997 | D:5      | Reached XP level 7. HP: 40/60 MP: 13/13
  4069 | D:5      | Found a corrupted altar of Lugonu.
  4128 | D:5      | Found a snail-covered altar of Cheibriados.
  4143 | D:5      | Reached **** piety under Demigod
  4243 | D:5      | Reached skill level 5 in Fighting
  4243 | D:5      | Reached skill level 5 in Maces & Flails
  4276 | D:5      | Reached skill level 1 in Evocations
  4894 | D:5      | Found a shadowy altar of Dithmenos.
  5057 | D:6      | Reached XP level 8. HP: 53/68 MP: 14/14
  5135 | D:6      | Reached skill level 4 in Throwing
  5140 | D:6      | Reached skill level 5 in Invocations
  5146 | D:6      | Reached skill level 1 in Armour
  5146 | D:6      | Reached skill level 2 in Evocations
  5323 | D:6      | Reached skill level 2 in Armour
  5435 | D:6      | Reached skill level 6 in Invocations
  5435 | D:6      | Reached skill level 3 in Evocations
  5446 | D:6      | Noticed a hornet
  5453 | D:6      | Killed a hornet
  5454 | D:6      | Reached skill level 6 in Fighting
  5454 | D:6      | Reached skill level 6 in Maces & Flails
  5454 | D:6      | Reached XP level 9. HP: 62/75 MP: 13/17
  5698 | D:6      | Identified the +1 whip "Sufaunn" {holy, rF+}
  5750 | D:6      | Found a white marble altar of Elyvilon.
  5879 | D:6      | Found a burning altar of Makhleb.
  6059 | D:6      | Paralysed by fainting for 8 turns
  6222 | D:7      | Noticed a troll
  6233 | D:7      | Killed a troll
  6234 | D:7      | Reached skill level 3 in Armour
  6322 | D:7      | Reached skill level 7 in Invocations
  6361 | D:7      | Found Ewunan's Distillery.
  6372 | D:7      | Bought 2 potions of haste for 300 gold pieces
  6372 | D:7      | Bought a potion of curing for 37 gold pieces
  6372 | D:7      | Bought a potion of agility for 60 gold pieces
  6372 | D:7      | Bought a potion of curing for 37 gold pieces
  6372 | D:7      | Bought a potion of curing for 37 gold pieces
  6372 | D:7      | Bought a potion of might for 60 gold pieces
  6419 | D:7      | Reached skill level 4 in Evocations
  6880 | D:7      | Reached skill level 4 in Armour
  7083 | D:7      | Reached skill level 7 in Maces & Flails
  7087 | D:7      | Reached skill level 7 in Fighting
  7174 | D:7      | Found Zaqoal's Jewellery Boutique.
  7428 | D:7      | Found Zinitysi's Distillery.
  7433 | D:7      | Bought a potion of heal wounds for 60 gold pieces
  7591 | D:7      | Reached XP level 10. HP: 84/86 MP: 16/18
  7779 | D:7      | Found an ancient bone altar of Kikubaaqudgha.
  7965 | D:7      | Reached skill level 8 in Fighting
  7965 | D:7      | Reached skill level 8 in Maces & Flails
  8692 | D:8      | Found a staircase to the Orcish Mines.
  8849 | D:8      | Reached skill level 9 in Maces & Flails
  8990 | D:8      | Got a sapphire war axe
  8991 | D:8      | Identified the +8 war axe of Grontol {venom, rPois MP+9
                  | Str+4 Int-5} (You found it on level 8 of the Dungeon)
  9062 | D:8      | Reached skill level 1 in Axes
  9237 | D:9      | Noticed Joseph
  9242 | D:9      | Noticed a gargoyle
  9244 | D:9      | Reached skill level 2 in Axes
  9347 | D:9      | Found a staircase to the Lair.
  9368 | D:9      | Killed a gargoyle
  9369 | D:9      | Reached skill level 3 in Axes
  9376 | D:9      | Killed Joseph
  9377 | D:9      | Reached skill level 4 in Axes
  9630 | D:9      | Reached skill level 5 in Axes
  9635 | D:9      | Reached XP level 11. HP: 83/95 MP: 19/19
  9675 | D:9      | Reached skill level 6 in Axes
 10383 | Lair:1   | Entered Level 1 of the Lair of Beasts
 10478 | Lair:1   | Noticed a six-headed hydra
 10484 | Lair:1   | Reached skill level 7 in Axes
 10652 | Lair:1   | Killed a six-headed hydra
 10772 | Lair:1   | Reached skill level 8 in Axes
 11077 | Lair:1   | Reached skill level 9 in Axes
 11183 | Lair:1   | Noticed Fannar
 11196 | Lair:1   | Killed Fannar
 11434 | Lair:1   | Noticed a five-headed hydra
 11445 | Lair:1   | Killed a five-headed hydra
 11675 | Lair:2   | Noticed Harold
 11688 | Lair:2   | Reached skill level 10 in Axes
 11690 | Lair:2   | Killed Harold
 12058 | Lair:2   | Reached XP level 12. HP: 40/103 MP: 20/20
 12420 | Lair:2   | Reached skill level 11 in Axes
 12754 | Lair:2   | Noticed a catoblepas
 12773 | Lair:2   | Killed a catoblepas
 12783 | Lair:2   | Reached skill level 12 in Axes
 13234 | Lair:2   | Found a staircase to the Shoals.
 13786 | Lair:3   | Noticed Gastronok
 13798 | Lair:3   | Killed Gastronok
 13799 | Lair:3   | Reached skill level 13 in Axes
 13985 | Lair:3   | Noticed a six-headed hydra
 13995 | Lair:3   | Killed a six-headed hydra
 14004 | Lair:3   | Noticed Grum
 14014 | Lair:3   | Killed Grum
 14095 | Lair:3   | Found a staircase to the Snake Pit.
 14111 | Lair:3   | Reached XP level 13. HP: 107/108 MP: 22/22
 14115 | Lair:3   | Reached skill level 14 in Axes
 14166 | Lair:3   | Reached ***** piety under Demigod
 15860 | Lair:4   | Reached skill level 15 in Axes
 16047 | Lair:5   | Noticed Sonja
 16055 | Lair:5   | Killed Sonja
 16058 | Lair:5   | Got a transparent amber ring
 16060 | Lair:5   | Identified the cursed ring of Tecwuamo {Fire *Drain rElec
                  | Str+3} (You found it on level 5 of the Lair of Beasts)
 16938 | Lair:6   | Entered Level 6 of the Lair of Beasts
 17618 | Lair:6   | HP: 8/108 [blink frog (31)]
 17997 | D:10     | Entered Level 10 of the Dungeon
 18102 | D:10     | Found a flagged portal.
 18112 | Bailey   | Entered a bailey
 18370 | Bailey   | HP: 15/110 [orc knight/+0 trident (30)]
 18372 | Bailey   | Slain by an orc knight

Skill      XL: |  1  2  3  4  5  6  7  8  9 10 11 12 13 |
---------------+----------------------------------------+-----
Fighting       | 3 4 5 6 7 8 |  8.8
Maces & Flails | 3 4 5 6 7 9 |  9.0
Throwing       | 1 2 3 4 |  4.0
Invocations    | 3 4 6 7 |  7.3
Evocations     | 1 3 4 |  4.0
Armour         | 2 4 |  4.2
Axes           | 5 10 13 15 | 15.8
Dodging        | |  2.6
Stealth        | |  2.0
Shields        | |  0.8

Action                   |  1- 3 |  4- 6 |  7- 9 | 10-12 | 13-15 || total
-------------------------+-------+-------+-------+-------+-------++-------
Melee: Mace              |   115 |   212 |       |       |       ||   327
       Flail             |       |    54 |   419 |    51 |       ||   524
       Dire flail        |       |       |       |    94 |     4 ||    98
       War axe           |       |       |       |   287 |   199 ||   486
       Punch             |       |       |       |     3 |     2 ||     5
Throw: Tomahawk          |       |    10 |    45 |    59 |    52 ||   166
Invok: Growth            |       |     2 |     3 |     1 |       ||     6
       Heroism           |       |       |     6 |    14 |     8 ||    28
       Temporal Distorti |       |       |     1 |       |       ||     1
       Major Destruction |       |       |       |     2 |     2 ||     4
       Divine Shield     |       |       |       |       |     1 ||     1
Evoke: Wand              |       |       |     5 |     4 |     4 ||    13
  Use: Scroll            |     7 |     3 |     4 |    10 |    15 ||    39
       Potion            |       |       |     1 |     1 |     5 ||     7
 Stab: Sleeping          |     3 |       |       |       |       ||     3
       Paralysed         |       |       |       |       |     2 ||     2
  Eat: Chunk             |     6 |    14 |    21 |    38 |    19 ||    98
       Ration            |       |       |    10 |     1 |       ||    11
Armor: Robe              |     4 |       |       |       |       ||     4
       Scale mail        |    19 |   117 |    17 |       |       ||   153
       Plate armour      |       |       |   317 |   272 |   133 ||   722
Dodge: Dodged            |    71 |   189 |   179 |   192 |   139 ||   770
Block: Other             |       |       |       |       |     2 ||     2

Levels and vault maps discovered:
D:1:      psy_arrival_fountain, layout_loops_cross, serial_glass,
          glass_columns_a, glass_columns_a, glass_columns_a, glass_columns_a,
          glass_columns_a, glass_columns_c
D:2:      layout_rooms, first_ration, minmay_tetromino_i2
D:3:      minmay_bubble_buster, layout_loops_ring, minmay_puff,
          uniq_crazy_yiuf_cottage
D:4:      layout_loops_ring, temple_hall, minmay_lizard_king, uniq_menkaure
D:5:      layout_loops_ring, minitemple, kennysheep_slug_shrine
D:6:      layout_rooms, bloody_makhleb, elyvilon_altar_3, nzn_random_ring
D:7:      layout_basic, kennysheep_vampire_church, serial_shops,
          nicolae_shop_statue_plus, kennysheep_little_box, kennysheep_mini_moat
D:8:      layout_gridville, erik_orc_4
D:9:      layout_basic, uniq_joseph
D:10:     layout_basic, serial_glass, glass_columns_a, glass_columns_a,
          enter_bailey_2
Lair:1:   layout_cave_pods, wad_woods_river_04, ldierk_geyser,
          serial_bayou_crossing, grunt_megastairs_4, uniq_fannar
Lair:2:   regret_index_malice_mire, layout_regular_city,
          elwin_shoals_entry_rooms, lemuel_fruit_tree, uniq_harold
Lair:3:   layout_chaotic_city, minmay_snake_entry_guardpost_small,
          minmay_lair_oklob_chamber, uniq_grum, uniq_gastronok
Lair:4:   layout_cave_pods
Lair:5:   layout_cave_pods, ldierk_geyser, grunt_megastairs_1,
          lemuel_fruit_fields, uniq_sonja
Lair:6:   hellmonk_lair_end_abyssal_woods, layout_hall_layers,
          dummy_forest_entry, disabler_island, grunt_megastairs_3
Bailey:   bailey_polearm_5, bailey

Table legend:
 A = Turns spent in this place as a percentage of turns spent in the entire game.
 B = Non-inter-level travel turns spent in this place as a percentage of non-inter-level travel turns spent in the entire game.
 C = Inter-level travel turns spent in this place as a percentage of turns spent in this place.
 D = Turns resting spent in this place as a percentage of non-inter-level travel turns spent in this place.
 E = Turns spent auto-exploring this place as a percentage of non-inter-level travel turns spent in this place.
 F = Non-inter-level travel turns spent in this place divided by the number of levels of this place that you've seen.
                   A       B       C       D       E      F
               +-------+-------+-------+-------+-------+----------------------
         Total | 100.0 | 100.0 |   5.8 |  12.6 |  64.7 | 1017.9
       Dungeon |  57.7 |  57.7 |   5.9 |   7.9 |  65.5 | 998.7
          Lair |  40.8 |  40.8 |   5.9 |  18.7 |  64.8 | 1176.3
        Bailey |   1.4 |   1.5 |   0.0 |  30.4 |  32.3 | 260.0
               +-------+-------+-------+-------+-------+----------------------

Table legend:
 A = Kills in this place as a percentage of kills in entire the game.
 B = Kills by you in this place as a percentage of kills by you in the entire game.
 C = Kills by friends in this place as a percentage of kills by friends in the entire game.
 D = Other kills in this place as a percentage of other kills in the entire game.
 E = Experience gained in this place as a percentage of experience gained in the entire game.
 F = Experience gained in this place divided by the number of levels of this place that you have seen.
                   A       B       C       D       E      F
               +-------+-------+-------+-------+-------+----------------------
         Total | 100.0 | 100.0 |   N/A |   N/A | 100.0 | 3472.1
       Dungeon |  62.6 |  62.6 |   N/A |   N/A |  25.2 | 1485.6
          Lair |  30.2 |  30.2 |   N/A |   N/A |  73.1 | 7192.0
        Bailey |   7.2 |   7.2 |   N/A |   N/A |   1.7 | 1018.0
               +-------+-------+-------+-------+-------+----------------------
